 Dungeon Sprint DCSS version 0.28.0-43-g3370ac3207 (webtiles) character file.

Game seed: 16020364888620593730

1152 smarlow the Imperceptible (level 8, 0/36 HPs)
             Began as a Spriggan Enchanter on Mar 15, 2022.
             Was an Initiate of Dithmenos.
             Slain by a deep troll (12 damage)
             ... in the Dungeon (Sprint I: "Red Sonja").
             The game lasted 00:02:09 (709 turns).

smarlow the Imperceptible (Spriggan Enchanter)       Turns: 709, Time: 00:02:11

Health: 0/36       AC:  2    Str:  4    XL:     8   Next: 16%
Magic:  9/13       EV: 17    Int: 16    God:    Dithmenos [......]
Gold:   636        SH:  0    Dex: 18    Spells: 10/12 levels left

rFire   . . .      SeeInvis +   j - +0 short sword (distort)
rCold   . . .      Faith    .   (no shield)
rNeg    . . .      Spirit   .   b - +0 robe
rPois   .          Reflect  .   (helmet restricted)
rElec   .          Harm     .   (no cloak)
rCorr   .          Rampage  .   (gloves unavailable)
Will    +....      NoTele   +   (boots unavailable)
Stlth   +++++++++.              (no amulet)
HPRegen 0.12/turn               (no ring)
MPRegen 0.13/turn               (no ring)

@: very quick
A: very small, no large weapons, unfitting armour, see invisible, speed 3
a: Renounce Religion


You were in the Dungeon.
You worshipped Dithmenos.
Dithmenos was noncommittal.
You visited 1 branch You collected 711 gold pieces.
You spent 75 gold pieces at shops.

Inventory:

Hand Weapons
 a - a +1 dagger
 j - a +0 short sword of distortion (weapon)
Armour
 b - a +0 robe (worn)
Wands
 h - a wand of paralysis (7)
Scrolls
 i - 2 scrolls of blinking
 k - a scroll of enchant weapon {unknown}
Potions
 c - a potion of invisibility
 d - 4 potions of curing
 e - a potion of heal wounds
 f - a potion of haste
 g - 2 potions of magic


   Skills:
 - Level 1.1 Short Blades
 - Level 2.6 Dodging
 * Level 26.0 Stealth
 - Level 2.6 Spellcasting
 - Level 3.6 Hexes


You had 10 spell levels left.
You knew the following spells:

 Your Spells              Type           Power      Damage    Failure   Level
a - Ensorcelled Hibernat  Hex/Ice        14%        N/A       14%         2

Your spell library contained the following spells:

 Spells                   Type           Power      Damage    Failure   Level
 Confusing Touch          Hex            13%        N/A       13%         3
 Tukima's Dance           Hex            13%        N/A       13%         3
 Dazzling Flash           Conj/Hex       14%        N/A       28%         3


Dungeon Overview and Level Annotations

Branches:
Dungeon (1/1)

Altars:
Cheibriados
Dithmenos
Elyvilon
Fedhas
Gozag
Hepliaklqana
Kikubaaqudgha
Makhleb
Nemelex Xobeh
Okawaru
Qazlal
Ru
Sif Muna
Trog
Uskayaw
Vehumet
Wu Jian
Xom
Yredelemnul
Zin
The Shining One
Jiyva
Lugonu

Shops:
D ?:


Innate Abilities, Weirdness & Mutations

You are very small and have problems with some larger weapons.
You are too small for most types of armour.
You have supernaturally acute eyesight. (SInv)
You cover ground extremely quickly. (Speed+++)


Message History

You now have 621 gold pieces (gained 27).
k - a scroll labelled BOCWIENISEE You see here a +0 leather armour.
You now have 630 gold pieces (gained 9).
You now have 657 gold pieces (gained 27).
You now have 684 gold pieces (gained 27).
You now have 711 gold pieces (gained 27).
d - 4 potions of curing (gained 1)
There is an open door here.
Things that are here:
5 curare-tipped darts; the kobold skeleton of Sonja You open the door.
There is an open door here.
Found Lyuth's Magic Scroll Boutique.
There is an entrance to Lyuth's Magic Scroll Boutique here.
i - 2 scrolls of blinking (gained 1) Thank you for shopping at Lyuth's Magic Scroll Boutique!
There is an open door here.
You open the door.
A deep troll comes into view.
Found 108 gold pieces.
There is an open door here.
You see here 27 gold pieces.
There is an open door here.
Casting: Ensorcelled Hibernation (safe; 14% risk of failure)
Confirm with . or Enter, or press ? or * to list all spells.
Aiming: Ensorcelled Hibernation (safe; 14% risk of failure)
Press: ? - help, Shift-Dir - straight line, f - deep troll
Aim: a deep troll (chance to affect: 24%)
The deep troll resists with almost no effort.
Casting: Ensorcelled Hibernation (safe; 14% risk of failure)
Confirm with . or Enter, or press ? or * to list all spells.
Aiming: Ensorcelled Hibernation (safe; 14% risk of failure)
Press: ? - help, Shift-Dir - straight line, f/p - deep troll
Aim: a deep troll (chance to affect: 24%)
The deep troll resists with almost no effort.
The deep troll bites you!!
Ouch! That really hurt!
The deep troll claws you!
You die...

#..#####'#####'#__####
#..####..#...#[####
#..#__####..##)#
#..#_____##'#_.+
#⌠⌠#_.∩...'..._#
####_..__##_.#'#
#_____###'#)#
############.####+###
#∩........'..@T$$.$$+
###++++####.(.#######
###.### #.#'#.#
#.....# #..[..#
#######


You could see a deep troll.

Vanquished Creatures
  Sonja (D)
  A slime creature (D)
  Sigmund (D)
  A yak (D)
  An ogre (D)
  A jelly (D)
  Ijyb (D)
  A ballistomycete spore (D)
8 creatures vanquished.

Vanquished Creatures (others)
  A ballistomycete spore (D)
1 creature vanquished.

Grand Total: 9 creatures vanquished

Notes
Turn   | Place    | Note
-------+----------+-------------------------------------------
     0 | D        | smarlow the Spriggan Enchanter began the quest for the Orb.
     0 | D        | Reached XP level 1. HP: 9/9 MP: 5/5
     2 | D        | Noticed Ijyb
     4 | D        | Paralysed by Ijyb for 6 turns
    13 | D        | Killed Ijyb
    14 | D        | Reached skill level 10 in Stealth
    14 | D        | Reached XP level 2. HP: 13/13 MP: 6/6
   198 | D        | Learned a level 2 spell: Ensorcelled Hibernation
   198 | D        | Noticed an ogre
   201 | D        | Killed an ogre
   202 | D        | Reached skill level 14 in Stealth
   202 | D        | Reached XP level 3. HP: 16/16 MP: 8/8
   202 | D        | Reached XP level 4. HP: 21/21 MP: 9/9
   212 | D        | Noticed Sigmund
   215 | D        | Killed Sigmund
   216 | D        | Reached skill level 18 in Stealth
   216 | D        | Reached XP level 5. HP: 24/24 MP: 7/10
   250 | D        | Found a shimmering blue altar of Sif Muna.
   251 | D        | Found an ornate altar of the Wu Jian Council.
   252 | D        | Found a radiant altar of Vehumet.
   257 | D        | Reached skill level 19 in Stealth
   257 | D        | Reached XP level 6. HP: 28/28 MP: 11/11
   259 | D        | Found Canaum's Book Emporium.
   259 | D        | Found an ancient bone altar of Kikubaaqudgha.
   259 | D        | Found a hazy altar of Hepliaklqana.
   259 | D        | Found a stormy altar of Qazlal.
   259 | D        | Found a hide-covered altar of Uskayaw.
   259 | D        | Found a blossoming altar of Fedhas.
   259 | D        | Found a bloodstained altar of Trog.
   259 | D        | Found an iron altar of Okawaru.
   259 | D        | Found a basalt altar of Yredelemnul.
   259 | D        | Found a glowing golden altar of the Shining One.
   259 | D        | Found a snail-covered altar of Cheibriados.
   259 | D        | Found a sacrificial altar of Ru.
   259 | D        | Found a glowing silver altar of Zin.
   259 | D        | Found a shadowy altar of Dithmenos.
   259 | D        | Found a white marble altar of Elyvilon.
   259 | D        | Noticed a yak
   265 | D        | Killed a yak
   266 | D        | Reached skill level 21 in Stealth
   268 | D        | Found an opulent altar of Gozag.
   269 | D        | Found a sparkling altar of Nemelex Xobeh.
   275 | D        | Became a worshipper of Dithmenos the Shadowed
   326 | D        | Found a burning altar of Makhleb.
   326 | D        | Found a viscous altar of Jiyva.
   326 | D        | Found a shimmering altar of Xom.
   326 | D        | Found a corrupted altar of Lugonu.
   326 | D        | Noticed a slime creature
   329 | D        | Killed a slime creature
   330 | D        | Reached skill level 22 in Stealth
   330 | D        | Reached XP level 7. HP: 32/32 MP: 12/12
   351 | D        | Noticed Sonja
   355 | D        | Killed Sonja
   356 | D        | Reached skill level 26 in Stealth
   356 | D        | Reached XP level 8. HP: 36/36 MP: 13/13
   683 | D        | Found Lyuth's Magic Scroll Boutique.
   691 | D        | Bought a scroll of blinking for 75 gold pieces
   703 | D        | Noticed a deep troll
   709 | D        | Slain by a deep troll

Illustrated notes

Levels and vault maps discovered:
D:        dungeon_sprint_1 [red_sonja_temple_1, red_sonja_temple_small_1]

Skill      XL: |  1  2  3  4  5  6  7 |
---------------+----------------------+-----
Stealth        | 10 14 18 19 22 26 | 26.0
Short Blades   | |  1.1
Dodging        | |  2.6
Spellcasting   | |  2.6
Hexes          | |  3.6

Action                   |  1- 3 |  4- 6 |  7- 9 || total
-------------------------+-------+-------+-------++-------
Melee: Dagger            |     5 |     4 |     1 ||    10
       Short sword       |       |       |     1 ||     1
 Cast: Ensorcelled Hiber |       |     3 |     2 ||     5
  Use: Potion            |     1 |       |       ||     1
 Stab: Sleeping          |     1 |     4 |     1 ||     6
Armor: Robe              |     1 |       |       ||     1
Dodge: Dodged            |     5 |     2 |       ||     7
